Map: Prion Terraces

Players

LilDicky

  • Race: Terran Terran
  • League: Platinum

Wein - Winner!

  • Race: Terran Terran
  • League: Platinum

VOD

http://www.twitch.tv/tumescentpie

Description

Time

  • Played on: Nov. 20, 2015, 8:31 a.m.
  • Length: 9:28
Show
View Real Time Build Order
Export as new Build Order

LilDicky Terran 

Build Orders: Hellion Banshee, Mech 

Get SALT Encoding   

  12  0:02  SCV  
  14  0:14  SCV  
  14  0:23  Supply Depot  
  14  0:26  Refinery  
  14  0:27  SCV  
  15  0:45  SCV  
  15  0:47  Barracks  
  16  0:57  SCV  
  17  1:09  SCV  
  18  1:21  SCV  
  19  1:35  Orbital Command  
  19  1:36  Factory  
  20  1:46  Barracks Reactor  
  19  1:59  Command Center  
  19  2:01  SCV  
  20  2:08  Supply Depot  
  20  2:16  SCV  
  21  2:33  Hellion x2  
  24  2:39  Marine  
  24  2:54  Hellion x2  
  27  3:03  SCV  
  28  3:09  Refinery  
  28  3:10  Marine  
  29  3:14  Starport  
  29  3:15  SCV  
  30  3:36  Barracks Tech Lab  
  30  3:39  Supply Depot, Hellion x2  
  34  3:42  Orbital Command  
  34  3:45  SCV  
  35  3:59  Supply Depot  
  28  4:18  Orbital Command  
  28  4:21  Banshee  
  28  4:22  Hellion x2  
  31  4:48  Cloaking Field  
  31  4:51  Hellion x2  
  34  4:59  Marine  
  31  5:00  SCV  
  31  5:03  SCV  
  34  5:09  Supply Depot  
  34  5:12  SCV  
  35  5:16  SCV  
  34  5:24  SCV  
  34  5:28  SCV  
  36  5:31  Hellion  
  36  5:32  Hellion, Factory x2  
  40  5:36  Banshee  
  43  6:07  Hellion x2  
  47  6:19  Banshee  
  47  6:28  Hellion  
  47  6:29  Hellion  
  51  6:33  Factory Tech Lab x2  
  51  6:41  Refinery  
  51  6:42  Refinery  
  51  6:46  SCV x2  
  51  6:56  Command Center  
  47  7:02  Banshee  
  46  7:10  Hellion x3, Siege Tank  
  35  7:35  Hellion x2, Siege Tank  
  34  7:43  SCV x2  
  36  7:54  Banshee  
  36  7:55  SCV  
  36  7:57  Hellion  
  36  7:58  SCV  
  43  8:07  SCV  
  43  8:10  SCV  
  43  8:12  Orbital Command  
  45  8:19  SCV  
  46  8:22  SCV  
  43  8:31  SCV  
  44  8:35  Siege Tank  
  44  8:36  Hellion  
  44  8:37  Hellion  
  44  8:38  SCV x2  
  53  8:43  SCV  
  54  8:48  Marine  
  54  8:50  SCV x2  
  57  8:55  SCV  
  57  9:02  SCV x2  
  62  9:06  Engineering Bay, Marine  
  63  9:16  SCV x2, Fusion Core  
  66  9:21  Refinery  
Show
View Real Time Build Order
Export as new Build Order

Wein Terran - Winner!

Build Orders: MMM Bio 

Get SALT Encoding   

  12  0:01  SCV  
  13  0:13  SCV  
  14  0:17  Supply Depot  
  14  0:25  SCV  
  15  0:39  SCV  
  15  0:41  Barracks  
  16  0:46  Refinery  
  16  0:51  SCV  
  17  1:02  Barracks  
  17  1:04  SCV  
  18  1:16  SCV  
  19  1:22  Barracks  
  19  1:29  Reaper  
  19  1:30  SCV  
  21  1:42  Supply Depot, SCV  
  22  1:49  Reaper  
  23  1:57  Orbital Command  
  23  2:03  Refinery  
  23  2:07  Reaper  
  24  2:11  Marine  
  25  2:24  Reaper  
  25  2:26  SCV  
  27  2:36  Reaper  
  28  2:49  Reaper  
  28  3:00  SCV  
  28  3:05  Reaper  
  29  3:11  Command Center  
  29  3:12  SCV  
  31  3:18  Supply Depot  
  31  3:27  SCV  
  31  3:36  Barracks Tech Lab  
  31  3:38  Marine  
  31  3:39  SCV  
  31  3:40  Barracks Reactor  
  31  3:47  Factory  
  30  3:51  SCV  
  31  3:56  Marine  
  32  4:03  SCV  
  32  4:05  Marine  
  32  4:06  Stimpack  
  31  4:14  Marine  
  31  4:17  SCV  
  31  4:22  Marine x2  
  33  4:25  Marine  
  33  4:31  Hellion, Marine  
  33  4:33  Starport  
  33  4:36  Bunker  
  35  4:39  Marine  
  35  4:40  Marine  
  35  4:43  Marine  
  35  4:49  Marine  
  36  4:57  Marine  
  36  4:58  Marine  
  37  5:01  Marine  
  37  5:02  SCV  
  39  5:09  Bunker, Marine  
  39  5:10  Supply Depot, Hellion  
  42  5:14  SCV  
  42  5:15  Marine  
  42  5:16  Marine  
  44  5:23  Orbital Command  
  44  5:26  SCV  
  44  5:27  Medivac  
  47  5:31  Hellion  
  47  5:34  Marine x2  
  51  5:39  SCV  
  52  5:48  Marine x2  
  53  5:51  SCV  
  53  5:52  Engineering Bay  
  53  5:53  Marine  
  53  5:54  Marine  
  54  6:02  Medivac  
  54  6:06  Marine x2  
  55  6:11  Marine x2  
  56  6:21  Supply Depot  
  56  6:23  SCV, Marine x2  
  57  6:29  Missile Turret, Marine  
  57  6:30  SCV  
  57  6:32  Viking  
  59  6:37  Missile Turret  
  61  6:44  Combat Shields, Marine  
  62  6:47  Marine  
  59  6:55  SCV x2  
  58  7:07  SCV x2  
  60  7:08  Missile Turret  
  60  7:10  Marine  
  60  7:19  SCV  
  58  7:26  Marine x2  
  60  7:30  Marine  
  57  7:41  Marine  
  57  7:43  SCV x2  
  58  7:44  Marine x2  
  58  7:48  Marine  
  61  7:55  SCV x2  
  63  7:59  Starport Tech Lab, Marine  
  63  8:02  Marine  
  65  8:07  SCV x2  
  65  8:10  Marine  
  68  8:17  Missile Turret  
  68  8:19  SCV x2  
  70  8:33  SCV  
  70  8:34  SCV  
  65  8:36  Missile Turret  
  65  8:40  Command Center  
  65  8:46  SCV x2  
  67  8:54  Marine x2  
  67  8:55  Marine  
  70  9:02  Supply Depot  
  70  9:03  Supply Depot  
  70  9:10  Supply Depot  
  70  9:11  Factory Tech Lab  
  70  9:12  Supply Depot  
  70  9:16  Barracks  
Tags
 
Add a new tag
Caveats
  • Supply blocks, unpowered buildings, or Contaminate may cause inaccurate times.
  • Supply counts are checked every 10 seconds.